AoeStats
← mostazasiwa

Enclosed

505105971Analyzed
1v1 RM · 25d ago on Sep 7, 2026· 33m 14s· 2 players
Game mode
Random Map
Map size
Tiny (2 player)
Population
200
Speed
Normal
Resources
Standard
Victory
Conquest
Starting age
Dark Age
Ending age
Imperial Age
RankedLock teamsTeams togetherTeam positionsShared explorationLock speedFull tech treeHidden civsTurbo modeCheats
Victory
Defeat
🇪🇸 Sicilians · Spain
731
+16
🇲🇽 Saracens · Mexico
723
-16
juanette
7:36 Loom
11:12 Feudal Age
12:05 Town Watch
19:57 Wheelbarrow
18:46 Man-at-Arms
19:31 Gold Mining
32:43 Castle Age
mostazasiwa
23:59 Feudal Age
26:44 Stone Mining
26:51 Man-at-Arms
30:49 Castle Age
31:23 Forging
Connection lost

Rejoining the realm…

Still unreachable

The connection could not be restored.

Session expired

The server has moved on; the page needs a fresh start.